 Dungeon Crawl Stone Soup version 0.30-a0-778-g2ef04afb54 (webtiles) character file.

Game seed: 17532421646362776804

6 Esekla the Sneak (level 1, 0/16 HPs)
             Began as an Octopode Delver on Feb 15, 2023.
             Slain by an orc
             ... wielding a +0 morningstar
              (12 damage)
             ... on level 5 of the Dungeon.
             The game lasted 00:01:33 (64 turns).

Esekla the Sneak (Octopode Delver)                    Turns: 64, Time: 00:01:34

Health: 0/16       AC:  1    Str: 11    XL:     1   Next: 90%
Magic:  1/1        EV: 13    Int: 12    God:
Gold:   0          SH:  0    Dex: 13    Spells: 0/0 levels left

rFire   . . .      SeeInvis .    a - +0 falchion
rCold   . . .      Faith    .    (no shield)
rNeg    . . .      Spirit   .    (helmet restricted)
rPois   .          Reflect  .    (no amulet)
rElec   .          Harm     .    (no ring)
rCorr   .          Rampage  .    (no ring)
Will    .....                    (no ring)
Stlth   ++++                     (no ring)
HPRegen 0.22/turn                (no ring)
MPRegen 0.07/turn                (no ring)
                                 (no ring)
                                 (no ring)

@: no status effects
A: almost no armour, amphibious, 8 rings, camouflage 1, gelatinous body 1,
(nimble swimmer 1), tentacles
a: no special abilities


You were on level 5 of the Dungeon.
You visited 1 branch of the dungeon, and saw 1 of its levels.

Inventory:

Hand Weapons
 a - a +0 falchion (weapon)
Missiles
 c - 3 silver boomerangs (quivered)
Wands
 f - a wand of digging (3)
Scrolls
 b - a scroll of fog
Potions
 e - a potion of haste


   Skills:
 * Level 3.1 Fighting
 * Level 2.0 Long Blades
 * Level 2.0 Dodging
 + Level 6.8 Stealth
 * Level 0.1 Spellcasting


You couldn't memorise any spells.
You didn't know any spells.
Your spell library was empty.

Dungeon Overview and Level Annotations

Branches:
Dungeon (5/15)
 Temple: D:4-7

Altars:


Innate Abilities, Weirdness & Mutations

You cannot wear most types of armour.
You are amphibious.
You can wear up to eight rings at the same time.
Your skin changes colour to match your surroundings (Stealth+).
Your rubbery body absorbs attacks. (AC +1, EV +1)
((You are camouflaged when in or above water. (Stealth+)))
You have tentacles for arms and can constrict up to eight enemies at once.


Message History

The orc is heavily wounded.
You constrict the orc, but do no damage.
The orc hits you with a +0 hand axe.
You hit the orc.
The orc is heavily wounded.
You constrict the orc, but do no damage.
The orc hits you with a +0 hand axe!
* * * LOW HITPOINT WARNING * * *
A hound comes into view.
As you read the scroll of fear, it crumbles to dust.
You assume a fearsome visage.
The orc looks frightened! x2
The hound looks frightened!
The hound barks!
You constrict the orc, but do no damage.
The orc struggles to escape constriction.
You hit the orc but do no damage.
Your attack snaps the orc out of its fear.
The orc is heavily wounded.
You constrict the orc.
The orc escapes!
An iguana comes into view.
There is an open door, spattered with blood here.
Items here: ( ))) [ †††.
c - 3 silver boomerangs You close the door, pushing everything out of the way.
You see here a +0 leather armour.
Found a ring mail and a leather armour.
You see here a +0 leather armour.
You hear the slow rusting of a very distant drain.
There is a stone staircase leading down here.
You see here a +0 leather armour.
You open the door.
The orc throws a boomerang.
The boomerang closely misses you.
There is a stone staircase leading down here.
The orc barely misses you.
You barely miss the orc. Your grab misses the orc.
The orc completely misses you.
You closely miss the orc. Your grab misses the orc.
The orc hits you with a +0 morningstar!
Ouch! That really hurt!
You die...

*<,,,*,,,....l...#*,.,,**,,,,,,
******#.,,.......##..,,**,,,,,,
*#.##..........,,**,,,,,,
#.............,,******,,
**#..))†......,,* *,,
***#'###+#***** *,, #[##..# *,,
#o#...####### *,, #o@.#.......#
*,, ###>#######.# *,, #.#
#####.# *** #.###.[...#
#...[...### #######...#
####.#### #.......# #########


You could see 2 orcs.

Vanquished Creatures
  3 orcs (D:5)
3 creatures vanquished.

Notes
Turn   | Place    | Note
-------+----------+-------------------------------------------
     0 | D:5      | Esekla the Octopode Delver began the quest for the Orb.
     0 | D:5      | Reached XP level 1. HP: 16/16 MP: 1/1
    18 | D:5      | Noticed a hound
    21 | D:5      | Noticed an iguana
    64 | D:5      | Slain by an orc

Illustrated notes

Levels and vault maps discovered:
D:5:      layout_basic, grunt_temple_overflow_open, portal_sewer_entry_a

Action                     || total
---------------------------++-------
  Melee: Falchion          ||    12
         Tentacles         ||     3
         Constrict         ||     2
    Use: Scroll            ||     2
 Armour: Skin              ||     1
  Dodge: Dodged            ||     7

Table legend: (Time is in decaauts)
 A = Elapsed time spent in this place.
 B = Non-inter-level travel time spent in this place.
 C = Inter-level travel time spent in this place.
 D = Time resting spent in this place.
 E = Time spent auto-exploring this place.
 F = Levels seen in this place.
 G = Mean time per level.
                   A        B        C        D        E       F      G
               +--------+--------+--------+--------+--------+-----+--------+
         Total |     66 |     66 |      0 |      3 |      0 |   1 |   66.0 |
       Dungeon |     66 |     66 |      0 |      3 |      0 |   1 |   66.0 |
               +--------+--------+--------+--------+--------+-----+--------+

Top non-repeatable levels by time:
     D:5: 66 daAuts
